 Dungeon Crawl Stone Soup version 0.32-a0-871-ge202e49 (webtiles) character file.

Game seed: 11462508232003402379

79 skewfiend the Ruffian (level 4, -3/40 HPs)
             Began as a Ghoul Monk on Mar 29, 2024.
             Slain by Grinder (5 damage)
             ... on level 3 of the Dungeon.
             The game lasted 00:06:13 (2105 turns).

skewfiend the Ruffian (Ghoul Monk)                  Turns: 2105, Time: 00:06:13

Health: -3/40      AC:  2    Str: 14    XL:     4   Next: 38%
Magic:  4/4        EV: 12    Int:  9    God:
Gold:   161        SH:  0    Dex: 19    Spells: 3/3 levels left

rFire   + .          .
                       - Unarmed
rCold   + + .        c - orb {light}
rNeg    + + +        a - +0 robe
rPois   ∞            (no helmet)
rElec   +            (no cloak)
rCorr   +            (no gloves)
SInv    .            (no boots)
Will    .....        (no amulet)
Stlth   +            f - +6 ring of dexterity
HPRegen 0.00/turn    (no ring)
MPRegen 0.09/turn

%: no passive effects
@: resistant, inhibited regen, glowing
A: claws 1, cold resistance 1, negative energy resistance 3, inhibited
regeneration, torment resistance 2, devour on kill
a: no special abilities


You were on level 3 of the Dungeon.
You visited 1 branch of the dungeon, and saw 3 of its levels.

You collected 161 gold pieces.

Inventory:

Missiles
 g - 3 poisoned darts (quivered)
 i - 29 stones
Armour
 a - a +0 robe (worn)
 c - an orb of light (worn)
Jewellery
 f - a +6 ring of dexterity (left claw)
Talismans
 d - a beast talisman
Scrolls
 e - 2 scrolls of enchant armour {unknown}
 h - 3 scrolls of teleportation {unknown}
 k - a scroll of identify {unknown}
 m - a scroll of vulnerability {unknown}
 n - a scroll of amnesia {unknown}
 o - a scroll of fear {unknown}
Potions
 b - 2 potions of ambrosia
 j - a potion of curing {unknown}
 l - a potion of haste {unknown}
 p - a potion of resistance


   Skills:
 + Level 3.6 Fighting
 - Level 2.6 Dodging
 * Level 5.3 Unarmed Combat


You had 3 spell levels left.
You didn't know any spells.
Your spell library was empty.

Dungeon Overview and Level Annotations

Branches:
Dungeon (3/15)

Altars:

Annotations:
D:1 1 transporter
D:3 Grinder


Innate Abilities, Weirdness & Mutations

You are immune to poison.
You have sharp fingernails.
Your flesh is cold resistant. (rC+)
You are immune to negative energy. (rN+++)
You do not regenerate when monsters are visible.
You are immune to unholy pain and torment.
You thrive by killing the living.


Message History

You feel protected.
Grinder says, "At least Makhleb appreciates what I'm doing."
Grinder blinks!
You are confused.
You feel invigorated.
You bump into the rock wall.
You closely miss Grinder.
Grinder is lightly wounded.
Grinder hits you!
* * * LOW HITPOINT WARNING * * *
You bump into the rock wall.
Grinder misses you.
You bump into the rock wall.
Grinder hits you!
* * * LOW HITPOINT WARNING * * *
You're too confused to move!
You feel less invigorated.
You feel less confused. Grinder closely misses you.
You scratch Grinder but do no damage.
Grinder is lightly wounded.
Grinder hits you but does no damage.
You barely miss Grinder.
Grinder is lightly wounded.
Grinder hits you.
* * * LOW HITPOINT WARNING * * *
You scratch Grinder.
Grinder is lightly wounded.
You scratch Grinder.
Grinder is moderately wounded.
Grinder completely misses you.
You scratch Grinder.
Grinder is moderately wounded.
Grinder barely misses you.
You claw Grinder!
Grinder is heavily wounded.
Grinder hits you!
* * * LOW HITPOINT WARNING * * *
You scratch Grinder.
Grinder is heavily wounded.
Grinder hits you.
You die...
Grinder says, "Hey, I wasn't done torturing you yet!"

#.....#.#).†....####..
#######.#†.##.#..##...
#...###....##... #####
#...####.. #...####..
#..##..##. ##..##..##.
##.###########..##....##
......5@........##....##
.#.############.#......#
#.#..##..# #...####..
#.### ##. #.# #. #.# #.
#.# #. #.# #†


You could see Grinder.

Vanquished Creatures
  An adder (D:3)
  2 dart slugs
  An orc (D:3)
  7 bats
  12 endoplasms
  2 giant cockroaches
  7 goblins
  2 hobgoblins (D:3)
  2 jackals (D:2)
  4 quokkas
  5 ball pythons
  4 frilled lizards (D:1)
  5 kobolds
  4 rats (D:1)
58 creatures vanquished.

Notes
Turn   | Place    | Note
-------+----------+-------------------------------------------
     0 | D:1      | skewfiend the Ghoul Monk began the quest for the Orb.
     0 | D:1      | Reached XP level 1. HP: 19/19 MP: 1/1
   123 | D:1      | Reached XP level 2. HP: 26/26 MP: 2/2
   251 | D:1      | Reached skill level 4 in Unarmed Combat
   350 | D:1      | Found a faded altar of an unknown god.
   386 | D:1      | Reached XP level 3. HP: 31/31 MP: 3/3
  1754 | D:3      | Reached skill level 5 in Unarmed Combat
  1754 | D:3      | Reached XP level 4. HP: 39/39 MP: 4/4
  2080 | D:3      | Noticed Grinder
  2082 | D:3      | Paralysed by Grinder for 3 turns
  2087 | D:3      | Paralysed by Grinder for 4 turns
  2104 | D:3      | HP: 2/40 [Grinder (10)]
  2105 | D:3      | Slain by Grinder

Illustrated notes

Levels and vault maps discovered:
D:1:      spicycebolla_arrival_risky_transporter, layout_basic,
          shapermc_ecumenical_altar_totnotflames
D:2:      layout_basic, nicolae_titane
D:3:      layout_basic, ebering_ghost_sewer_f,
          amcnicky_mini_rare_corridor_liquid, minmay_misc_feat_ornament,
          dk_vineyard_2, minmay_misc_feat_x, uniq_grinder

Skill      XL: |  1  2  3 |
---------------+----------+-----
Unarmed Combat | 4 5 |  5.3
Fighting       | |  3.6
Dodging        | |  2.6

Action                     |  1- 3 |  4- 6 || total
---------------------------+-------+-------++-------
  Melee: Unarmed           |    92 |    35 ||   127
  Throw: Stone             |       |     3 ||     3
    Use: Potion            |       |     2 ||     2
 Armour: Robe              |    50 |    25 ||    75
  Dodge: Dodged            |    45 |    29 ||    74

Table legend: (Time is in decaauts)
 A = Elapsed time spent in this place.
 B = Non-inter-level travel time spent in this place.
 C = Inter-level travel time spent in this place.
 D = Time resting spent in this place.
 E = Time spent auto-exploring this place.
 F = Levels seen in this place.
 G = Mean time per level.
                   A        B        C        D        E       F      G
               +--------+--------+--------+--------+--------+-----+--------+
         Total |   2093 |   2049 |     44 |      0 |   1728 |   3 |  697.7 |
       Dungeon |   2093 |   2049 |     44 |      0 |   1728 |   3 |  697.7 |
               +--------+--------+--------+--------+--------+-----+--------+

Top non-repeatable levels by time:
     D:2: 892 daAuts
     D:1: 708 daAuts
     D:3: 492 daAuts
